 Dungeon Crawl Stone Soup version 0.18.1-48-g4cf74bf (webtiles) character file.

266 Heedrag the Thaumaturge (level 6, -3/32 HPs)
             Began as a Deep Elf Conjurer on July 24, 2016.
             Killed from afar by Typee's ghost (9 damage)
             ... with a zap
             ... on level 4 of the Dungeon.
             The game lasted 00:09:19 (3178 turns).

Heedrag the Thaumaturge (Deep Elf Conjurer)         Turns: 3178, Time: 00:09:19

Health: -3/32      AC:  2    Str:  7    XL:     6   Next: 0%
Magic:  6/19       EV: 10    Int: 20    God:
Gold:   154        SH:  0    Dex: 15    Spells: 2 memorised, 18 levels left

rFire  . . .     SeeInvis .     k - +0 dagger
rCold  . . .     Gourm    .     a - +0 robe
rNeg   . . .     Faith    .     (no shield)
rPois  .         Spirit   .     (no helmet)
rElec  .         Dismiss  .     (no cloak)
rCorr  .         Reflect  .     (no gloves)
SustAt .         Harm     .     (no boots)
MR     .....                    (no amulet)
Stlth  ++........               (no ring)
                                y - -3 ring of evasion (curse)

@: not resistant to hostile enchantments, unstealthy
A: no striking features
a: no special abilities


You were on level 4 of the Dungeon.
You were not hungry.

You visited 1 branch of the dungeon, and saw 4 of its levels.
You also visited: Sewer.

You collected 154 gold pieces.

Inventory:

Hand Weapons
 k - a +0 dagger (weapon)
Missiles
 i - 8 curare-tipped needles
Armour
 a - a +0 robe (worn)
 p - a +0 buckler
Jewellery
 y - a cursed -3 ring of evasion (left hand)
Scrolls
 d - 10 scrolls of identify {unknown}
 e - a scroll of fear {unknown}
 f - 2 scrolls of enchant armour {unknown}
 g - 4 scrolls of recharging {unknown}
 h - a scroll of magic mapping {unknown}
 j - 5 scrolls of teleportation {unknown}
 l - 2 scrolls of remove curse {unknown}
 n - 2 scrolls of fog {unknown}
 o - 2 scrolls of random uselessness {unknown}
Potions
 r - a potion of heal wounds {unknown}
 s - a potion of agility
 t - 2 potions of degeneration {unknown}
 u - a potion of brilliance {unknown}
 v - a potion of haste {unknown}
 w - 2 potions of might {unknown}
 x - a potion of curing {unknown}
 A - a potion of mutation {unknown}
Books
 b - a book of Conjurations

   Spells                             Type                      Level
   a - Magic Dart                     Conjuration                  1
   b - Searing Ray                    Conjuration                  2
   c - Dazzling Spray                 Conjuration/Hexes            3
   d - Fulminant Prism                Conjuration/Hexes            4
   e - Iskenderun's Mystic Blast      Conjuration                  4
   f - Iskenderun's Battlesphere      Conjuration/Charms           5
Comestibles
 c - 3 bread rations
 m - a slice of pizza
 q - 3 meat rations


   Skills:
 - Level 2.4 Dodging
 - Level 2.4 Stealth
 * Level 8.5 Spellcasting
 - Level 4.3 Conjurations


You had 18 spell levels left.
You knew the following spells:

 Your Spells              Type           Power        Failure   Level  Hunger
a - Magic Dart            Conj           ####         1%          1    None
b - Dazzling Spray        Conj/Hex       ###...       12%         3    None


Dungeon Overview and Level Annotations

Branches:
Dungeon (4/15)
 Temple: D:4-7

Altars:
Pakellas

Annotations:
D:2 Terence
D:3 Robin
D:4 Typee's ghost, amateur TeAE


Message History

Aimin': Magic Dart
Press: ? - help, Shift-Dir - straight line, f/p - Typee's ghost
Aim: Typee's ghost (heavily damaged) Tha magic dart hits Typee's ghost.
Typee's ghost be heavily damaged.
Typee's ghost hits ye but does nay damage.
Castin': Magic Dart Confirm wit' . or Enter, or press ? or * ta list all spells.
Aimin': Magic Dart
Press: ? - help, Shift-Dir - straight line, f/p - Typee's ghost
Aim: Typee's ghost (heavily damaged) Tha magic dart hits Typee's ghost.
Typee's ghost be severely damaged.
Typee's ghost hits ye.
Typee's ghost casts a spell at ye.
Tha zap hits ye!
* * * LOW HITPOINT WARNIN'
* * * Typee's ghost gestures at ye while chantin'.
Tha zap hits ye!
Ye die...

.. ....# ....#
##########....#
######...#.........#
.........#.........#
.......@.+.........#
#...####.#.<.......#
# ##..........#
#..W###'###.# #...#
#.# #...###.###
#...###_..+
###?###.###
........# #.#


You could see Typee's ghost.

Vanquished Creatures
  A quasit (D:3)
  4 gnolls (D:3)
  8 adders
  An ooze (D:1)
  2 worms (D:2)
  4 dart slugs
  An orc (D:2)
  10 ball pythons
  8 giant cockroaches
  10 goblins
  10 hobgoblins
  12 jackals
  12 kobolds
  8 bats
  7 giant newts
  6 rats
104 creatures vanquished.

Notes
Turn   | Place    | Note
--------------------------------------------------------------
     0 | D:1      | Heedrag the Deep Elf Conjurer began the quest for the Orb.
     0 | D:1      | Reached XP level 1. HP: 10/10 MP: 6/6
   274 | D:1      | Reached skill level 4 in Spellcasting
   274 | D:1      | Reached XP level 2. HP: 15/15 MP: 6/9
   767 | D:1      | Reached XP level 3. HP: 19/19 MP: 3/11
   772 | D:1      | Learned a level 3 spell: Dazzling Spray
   832 | D:2      | Reached skill level 5 in Spellcasting
  1638 | D:2      | Reached skill level 6 in Spellcasting
  1638 | D:2      | Reached XP level 4. HP: 20/24 MP: 5/14
  1994 | D:2      | Noticed Terence
  2013 | D:3      | Reached skill level 7 in Spellcasting
  2013 | D:3      | Reached XP level 5. HP: 28/28 MP: 10/16
  2038 | D:3      | Found a glowing drain.
  2065 | Sewer    | Entered a sewer
  2854 | D:3      | Reached skill level 8 in Spellcasting
  3018 | D:3      | Noticed Robin
  3022 | D:3      | Reached XP level 6. HP: 22/32 MP: 6/19
  3147 | D:4      | Found an oddly glowing altar of Pakellas.
  3162 | D:4      | Noticed Typee's ghost (amateur TeAE)
  3178 | D:4      | Killed from afar by Typee's ghost

Skill      XL: |  1  2  3  4  5 |
---------------+----------------+-----
Spellcasting   | 4 6 7 8 |  8.5
Dodging        | |  2.4
Stealth        | |  2.4
Conjurations   | |  4.3

Action                   |  1- 3 |  4- 6 || total
-------------------------+-------+-------++-------
Melee: Dagger            |    14 |     3 ||    17
 Cast: Magic Dart        |    94 |   135 ||   229
       Dazzling Spray    |       |     8 ||     8
  Eat: Chunk             |     2 |     5 ||     7
Armor: Robe              |    11 |     2 ||    13
Dodge: Dodged            |    31 |    29 ||    60
